 Dungeon Crawl Stone Soup version 0.21-a0-442-g848f44b (webtiles) character file.

149 Ijustatesigmund the Skirmisher (level 5, -7/37 HPs)
             Began as an Octopode Artificer on Nov 15, 2017.
             Mangled by a scorpion (8 damage)
             ... on level 5 of the Dungeon.
             The game lasted 00:07:52 (3672 turns).

Ijustatesigmund the Skirmisher (Octopode Artificer) Turns: 3672, Time: 00:07:52

Health: -7/37      AC:  1    Str: 11    XL:     5   Next: 31%
Magic:  7/7        EV: 13    Int: 14    God:
Gold:   118        SH:  4    Dex: 13    Spells: 4/4 levels left

rFire    . . .     SeeInvis .   h - +0 mace
rCold    . . .     Gourm    .   l - +0 buckler
rNeg     . . .     Faith    .   (helmet restricted)
rPois    .         Spirit   .   (no amulet)
rElec    .         Reflect  .   i - ring of resist corrosion
rCorr    +         Harm     .   (no ring)
MR       .....                  (no ring)
Stlth    +++.......             (no ring)
HPRegen  0.12/turn              (no ring)
MPRegen  0.10/turn              (no ring)
                                (no ring)
                                (no ring)

@: no status effects
A: almost no armour, stealthy swim, amphibious, 8 rings, constrict 8, camouflage
1, gelatinous body 1
a: no special abilities


You were on level 5 of the Dungeon.
You were hungry.

You visited 1 branch of the dungeon, and saw 5 of its levels.

You collected 118 gold pieces.

Inventory:

Hand Weapons
 h - a +0 mace (weapon)
Armour
 k - a +0 large shield
 l - a +0 buckler (worn)
Jewellery
 i - a ring of resist corrosion (left tentacle)
Wands
 b - a wand of flame (13/48)
 c - a wand of enslavement (9/24)
 d - a wand of random effects (15/48)
Scrolls
 n - a scroll of identify
 p - a scroll of teleportation
Potions
 a - 2 potions of curing {unknown}
 e - a potion of resistance {unknown}
 g - a potion of ambrosia
 j - a potion of might
Comestibles
 f - 4 bread rations
 q - a royal jelly


   Skills:
 + Level 3.9 Fighting
   Level 1.0 Short Blades
 + Level 2.2 Maces & Flails
 - Level 2.0 Dodging
 - Level 1.3 Stealth
 + Level 1.4 Shields
 - Level 3.2 Evocations


You had 4 spell levels left.
You didn't know any spells.

Dungeon Overview and Level Annotations

Branches:
Dungeon (5/15)
 Temple: D:4-7

Altars:
Elyvilon
Kikubaaqudgha
Ru
Trog


Innate Abilities, Weirdness & Mutations

You cannot wear most types of armour.
You are very stealthy in the water. (Stealth+)
You are amphibious.
You can wear up to eight rings at the same time.
You can use your tentacles to constrict eight enemies at once.
Your skin changes colour to match your surroundings (Stealth+).
Your rubbery body absorbs attacks. (AC +1, EV +1)


Message History

The crimson imp barely misses you.
You barely miss the crimson imp. Your grab misses the crimson imp.
You squeeze the crimson imp.
The crimson imp is moderately wounded.
The crimson imp blinks!
A scorpion comes into view.
The helpless scorpion fails to defend itself.
You hit the scorpion but do no damage. You grab the scorpion.
You constrict the scorpion, but do no damage.
The scorpion stings you.
* * * LOW HITPOINT WARNING * * *
You hit the scorpion.
The scorpion is lightly wounded.
You constrict the scorpion, but do no damage.
The scorpion stings you!
* * * LOW HITPOINT WARNING * * *
You hit the scorpion but do no damage. You squeeze the scorpion.
The scorpion is heavily wounded.
You constrict the scorpion. The scorpion stings you!
You die...

.. . . .. .# # #.
##. #. #. ..
#.##.###.#
###........##.#
#........@s...#
..#.....5####.#
..............#
##...........#
#.....####5.######
##.....#.#........
##...#.#.........
###...####...##...
........).......#


You could see a scorpion and a crimson imp.

Vanquished Creatures
  2 adders (D:4)
  5 gnolls
  An ooze (D:2)
  2 worms
  3 leopard geckos
  2 orcs (D:3)
  3 giant cockroaches
  13 goblins
  7 hobgoblins
  2 jackals (D:2)
  2 quokkas (D:2)
  5 bats
  4 frilled lizards
  6 kobolds
  14 rats
71 creatures vanquished.

Vanquished Creatures (others)
  A worm (D:3)
1 creature vanquished.

Grand Total: 72 creatures vanquished

Notes
Turn   | Place    | Note
-------+----------+-------------------------------------------
     0 | D:1      | Ijustatesigmund the Octopode Artificer began the quest for the Orb.
     0 | D:1      | Reached XP level 1. HP: 13/13 MP: 3/3
   161 | D:1      | Reached XP level 2. HP: 18/19 MP: 4/4
   653 | D:2      | Reached XP level 3. HP: 25/25 MP: 5/5
   739 | D:2      | Found a bloodstained altar of Trog.
  1478 | D:3      | Found a sacrificial altar of Ru.
  1921 | D:3      | Found a white marble altar of Elyvilon.
  1952 | D:1      | Reached skill level 1 in Maces & Flails
  1952 | D:1      | Reached XP level 4. HP: 19/31 MP: 6/6
  2992 | D:3      | Reached skill level 1 in Shields
  2995 | D:3      | Reached XP level 5. HP: 24/37 MP: 7/7
  3171 | D:3      | Found an ancient bone altar of Kikubaaqudgha.
  3645 | D:4      | Noticed a phantom
  3649 | D:5      | Entered Level 5 of the Dungeon
  3671 | D:5      | HP: 1/37 [scorpion (10)]
  3672 | D:5      | Mangled by a scorpion

Vault maps used:
D:1:      minmay_arrival_nine_rooms, minmay_domino_2
D:2:      nicolae_overflow_crystal_walls, serial_bayou, serial_bayou_shore_a,
          serial_bayou_pond_b, serial_bayou_pond_d, serial_bayou_lagoon_b
D:3:      lemuel_crystal_altar, old_standard_altar, elyvilon_altar_1,
          first_bread
D:4:      dancing_weapons_uskayaw
D:5:      gammafunk_temple_overflow_arena, kennysheep_little_box, serial_shops,
          nicolae_shop_stone, portal_sewer_entry_d, minmay_misc_feat_tiny,
          uniq_blork_the_orc, uniq_sigmund

Skill      XL: |  1  2  3  4  5 |
---------------+----------------+-----
Fighting       | 2 3 |  3.9
Maces & Flails | 1 2 |  2.2
Shields        | 1 |  1.4
Short Blades   | |  1.0
Dodging        | |  2.0
Stealth        | |  1.3
Evocations     | |  3.2

Action                   |  1- 3 |  4- 6 || total
-------------------------+-------+-------++-------
Melee: Short sword       |    42 |       ||    42
       Constrict         |    23 |    22 ||    45
       Tentacles         |    11 |    15 ||    26
       Mace              |    35 |    68 ||   103
Evoke: Wand              |     5 |     3 ||     8
  Use: Scroll            |     4 |     3 ||     7
 Stab: Sleeping          |     6 |     9 ||    15
  Eat: Chunk             |     3 |     5 ||     8
Armor: Skin              |     6 |     3 ||     9
Dodge: Dodged            |    38 |    31 ||    69
Block: Buckler           |       |     9 ||     9

Table legend:
 A = Spawn XP
 B = Non-spawn XP
 C = Spawn XP percentage of total XP
 D = Spawn monster count
 E = Non-spawn monster count
 F = Spawn count percentage of total count
 G = Total turns spent on level
                    A         B        C        D         E        F      G
               +---------+---------+-------+---------+---------+-------+---------
         Total |       0 |     214 |   0.0 |       0 |      71 |   0.0 |  3672
               +---------+---------+-------+---------+---------+-------+---------
           D:1 |       0 |      48 |   0.0 |       0 |      21 |   0.0 |   742
           D:2 |       0 |      57 |   0.0 |       0 |      23 |   0.0 |  1328
           D:3 |       0 |      77 |   0.0 |       0 |      24 |   0.0 |  1556
           D:4 |       0 |      32 |   0.0 |       0 |       3 |   0.0 |    23
               +---------+---------+-------+---------+---------+-------+---------
